 Dungeon Crawl Stone Soup version 0.20.1-1-g8b1a95d (webtiles) character file.

27 sanboga the Shield-Bearer (level 3, -8/30 HPs)
             Began as a Formicid Fighter on Dec 12, 2017.
             Mangled by a troll (10 damage)
             ... on level 15 of the Dungeon.
             The game lasted 00:03:36 (794 turns).

sanboga the Shield-Bearer (Formicid Fighter)         Turns: 794, Time: 00:03:37

Health: -8/30      AC:  6    Str: 21    XL:     3   Next: 25%
Magic:  3/3        EV:  8    Int:  7    God:
Gold:   44         SH: 10    Dex: 10    Spells: 2/2 levels left

rFire    . . .     SeeInvis +   a - +0 long sword
rCold    . . .     Gourm    .   c - +1 shield
rNeg     . . .     Faith    .   b - +0 scale mail
rPois    .         Spirit   .   (helmet unavailable)
rElec    .         Reflect  .   (no cloak)
rCorr    .         Harm     .   (no gloves)
MR       .....                  (no boots)
Stlth    ..........             (no amulet)
Regen    0.1/turn               (no ring)
MPRegen  0.1/turn               (no ring)

@: no status effects
A: permanent stasis, dig shafts and tunnels, four strong arms, antennae 3
a: Dig, Shaft Self


You were on level 15 of the Dungeon.
You were not hungry.

You visited 1 branch of the dungeon, and saw 11 of its levels.

You collected 44 gold pieces.

Inventory:

Hand Weapons
 a - a +0 long sword (weapon)
Armour
 b - a +0 scale mail (worn)
 c - a +1 shield (worn)
Scrolls
 g - a scroll of remove curse {unknown}
Potions
 d - a potion of might
 e - 2 potions of curing {unknown}


   Skills:
 + Level 3.7 Fighting
 + Level 2.2 Long Blades
 + Level 3.5 Armour
 + Level 4.2 Shields


You had 2 spell levels left.
You didn't know any spells.

Dungeon Overview and Level Annotations

Branches:
Dungeon (11/15)               Orc (0/2) D:11
 Temple: D:4-7         Lair: D:8-11

Altars:

Annotations:
D:8 gregunderscorem's ghost, novice DrCj


Innate Abilities, Weirdness & Mutations

You cannot be hasted, slowed, berserked, paralysed or teleported.
You can dig through walls and to a lower floor.
Your four strong arms can wield two-handed weapons with a shield.
You have a pair of large antennae on your head. (SInv)


Message History

Found a long sword.
You block the two-headed ogre's attack.
The two-headed ogre hits you with a dire flail of crushing.
You block the two-headed ogre's attack.
The two-headed ogre hits you with a dire flail of crushing!
You slash the two-headed ogre!
The two-headed ogre is lightly wounded.
You block the two-headed ogre's attack.
The two-headed ogre hits you with a dire flail of crushing.
* * * LOW HITPOINT WARNING * * *
x2 You hit the two-headed ogre.
The two-headed ogre is lightly wounded.
You block the two-headed ogre's attack.
The two-headed ogre hits you with a dire flail of crushing.
* * * LOW HITPOINT WARNING * * *
x2 Unknown command.
You hit the two-headed ogre.
The two-headed ogre is moderately wounded.
The troll bites you!
You die...

...# ... . .. ..
#.# ...######..##
#. #.).........#
... #.........#
.... ....##..@$#
#.... .......OT##
......
+..$.....###......
#...........T.....
#.................
#...###...........
#... ##.......###
#.. ##......# #.
#.....##


You could see a two-headed ogre and a troll.

Vanquished Creatures
  A worker ant (D:12)
  2 hobgoblins
  A frilled lizard (D:1)
  A quokka skeleton (D:6)
5 creatures vanquished.

Notes
Turn   | Place    | Note
-------+----------+-------------------------------------------
     0 | D:1      | sanboga the Formicid Fighter began the quest for the Orb.
     0 | D:1      | Reached XP level 1. HP: 18/18 MP: 1/1
   159 | D:1      | You fall through a shaft!
   162 | D:2      | You fall through a shaft!
   175 | D:3      | You fall through a shaft for 3 floors!
   189 | D:6      | Noticed an ogre
   194 | D:6      | You fall through a shaft for 2 floors!
   210 | D:8      | Noticed gregunderscorem's ghost (novice DrCj)
   215 | D:8      | You fall through a shaft!
   217 | D:9      | Noticed a two-headed ogre
   222 | D:9      | You fall through a shaft!
   222 | D:10     | Entered Level 10 of the Dungeon
   415 | D:10     | Noticed a scorpion
   418 | D:10     | You fall through a shaft!
   418 | D:11     | Found a staircase to the Orcish Mines.
   436 | D:11     | Noticed a crimson imp
   440 | D:11     | You fall through a shaft!
   532 | D:12     | Noticed a worker ant
   542 | D:12     | Killed a worker ant
   542 | D:12     | Reached skill level 4 in Shields
   542 | D:12     | Reached XP level 2. HP: 9/25 MP: 2/2
   542 | D:12     | Reached XP level 3. HP: 11/30 MP: 3/3
   778 | D:12     | You fall through a shaft for 2 floors!
   783 | D:14     | You fall through a shaft!
   783 | D:15     | Entered Level 15 of the Dungeon
   783 | D:15     | Noticed a troll
   784 | D:15     | Noticed a two-headed ogre
   794 | D:15     | Mangled by a troll

Skill      XL: |  1 |
---------------+----+-----
Shields        | 4 |  4.2
Fighting       | |  3.7
Long Blades    | |  2.2
Armour         | |  3.5

Action                   || total
-------------------------++-------
Melee: Long sword        ||    26
 Abil: Shaft Self        ||     9
       Dig               ||     1
  Use: Scroll            ||     1
  Eat: Bread ration      ||     1
Armor: Scale mail        ||     3
Dodge: Dodged            ||     4
Block: Shield            ||    20
       Rpst.: Long sword ||     2
